[Event "Titled Tuesday Blitz March 21 Early 2023"]
[White "HSH1987"]
[Black "salgadoLO"]
[WhiteElo "2672"]
[BlackElo "2187"]
[Result "1-0"]
[Round "06"]
[TimeControl "180+2"]
[Date "2023.03.21"]
[WhiteClock "0:00:40"]
[BlackClock "0:00:01"]

1. Nf3 d5 2. g3 c6 3. Bg2 Nf6 4. O-O h6 5. c4 Bf5 6. cxd5 cxd5 7. d3 Nc6 8. Qa4 Bd7 9. Qb3 b6 10. Nc3 e6 11. e4 d4 12. e5 dxc3 13. exf6 gxf6 14. bxc3 Rc8 15. d4 Bg7 16. Ba3 Bf8 17. Bxf8 Kxf8 18. Rac1 Na5 19. Qc2 Qc7 20. Nd2 Nc4 21. Ne4 f5 22. Nd2 Nxd2 23. Qxd2 h5 24. h4 Bc6 25. c4 Bxg2 26. Kxg2 Rg8 27. Qh6+ Ke8 28. Qxh5 f4 29. Qf3 Qd6 30. d5 exd5 31. cxd5 Rxc1 32. Rxc1 Kd8 33. Rc6 Qe5 34. g4 f5 35. g5 Re8 36. d6 Qe4 37. Rc7 Re6 38. Rxa7 Rxd6 39. Rf7 1-0


[Site "https://www.chess.com"]

[Event "Titled Tuesday Blitz March 21 Early 2023"]
[White "Shuvalov, Evgenij"]
[Black "Biriukov, Ilja"]
[WhiteFideId "4187237"]
[BlackFideId "4113373"]
[WhiteElo "2080"]
[BlackElo "2426"]
[Result "0-1"]
[Round "06"]
[TimeControl "180+2"]
[Date "2023.03.21"]
[WhiteClock "0:00:15"]
[BlackClock "0:00:24"]

1. d4 Nf6 2. c4 g6 3. Nc3 Bg7 4. e4 d6 5. Nf3 O-O 6. Be2 Nbd7 7. O-O e5 8. Be3 Re8 9. d5 a5 10. Ne1 Nc5 11. f3 Rf8 12. Nd3 b6 13. Nf2 Nh5 14. g3 f5 15. exf5 gxf5 16. f4 Nf6 17. Kh1 Kh8 18. Rg1 Rg8 19. Rc1 Bd7 20. b3 Qe7 21. Qd2 exf4 22. Bxf4 Nfe4 23. Ncxe4 Nxe4 24. Nxe4 fxe4 25. Be3 Rae8 26. Rcf1 Rgf8 27. Rxf8+ Rxf8 28. Rf1 Bh3 29. Rxf8+ Qxf8 30. Qd1 Qf6 31. Kg1 Qc3 32. Qd2 Qxd2 33. Bxd2 Bd4+ 34. Kh1 Kg7 35. Bf4 Kg6 36. g4 Bf2 37. Bd1 Bf1 38. Bc2 Bd3 39. Bxd3 exd3 40. Bd2 Bh4 41. Kg2 Bg5 42. Bxg5 Kxg5 43. Kf3 d2 44. Ke2 Kxg4 45. Kxd2 Kh3 46. Ke3 Kxh2 47. Kf2 Kh3 48. Kf3 h6 49. a3 Kh4 50. Kf4 h5 51. b4 axb4 52. axb4 Kh3 53. Kf3 h4 54. b5 Kh2 55. Kg4 Kg2 56. Kf5 h3 57. Ke6 h2 58. Kd7 h1=Q 59. Kxc7 Qc1 60. Kxd6 Qxc4 61. Ke5 Qxb5 62. Ke6 Qc4 63. Ke5 b5 64. d6 Qc5+ 65. Ke6 b4 66. d7 Qc6+ 67. Ke7 Qxd7+ 68. Kxd7 b3 0-1


[Site "https://www.chess.com"]

[Event "Titled Tuesday Blitz March 21 Early 2023"]
[White "Do Nascimento,Christian Almeida"]
[Black "Hernandez Leon, Alberto"]
[WhiteFideId "2143801"]
[BlackFideId "2272555"]
[WhiteElo "2125"]
[BlackElo "2239"]
[Result "1-0"]
[Round "06"]
[TimeControl "180+2"]
[Date "2023.03.21"]
[WhiteClock "0:00:20"]
[BlackClock "0:00:06"]

1. e4 e5 2. Bc4 Nf6 3. Nc3 Nc6 4. d3 Be7 5. f4 exf4 6. Bxf4 d6 7. Nf3 O-O 8. O-O Na5 9. Qe1 Nxc4 10. dxc4 Be6 11. b3 Nd7 12. Rd1 Bf6 13. e5 dxe5 14. Nxe5 Qe8 15. Nxd7 Bxd7 16. Nd5 Qxe1 17. Rfxe1 Bf5 18. Nxf6+ gxf6 19. Bxc7 Bxc2 20. Rd2 Bg6 21. Re7 Rfe8 22. Rdd7 Bf5 23. Rxe8+ Rxe8 24. Rd2 Re1+ 25. Kf2 Ra1 26. Bb8 a6 27. Rb2 Rb1 28. Rxb1 Bxb1 29. a3 Ba2 30. b4 Bxc4 31. Ke3 Kf8 32. Bf4 Ke7 33. Kd4 Bf1 34. g3 Ke6 35. Ke4 Bg2+ 36. Kd4 Kf5 37. h4 Kg4 38. Kc5 Kf5 39. Kd6 Kg6 40. Bd2 f5 41. Bf4 Kg7 42. Be5+ Kf8 43. Bf6 Ke8 44. Ke5 Be4 45. g4 Bb1 46. g5 Kd7 47. h5 Bc2 48. h6 Bb1 49. Bg7 Ke7 50. a4 f4 51. Kxf4 Bg6 52. Ke5 Kd7 53. Bf8 Kc6 54. Bc5 b6 55. Be3 a5 56. b5+ Kc7 57. Kf6 Bc2 58. Kg7 Bd3 59. Bd4 Bg6 60. Be3 Kb7 61. Kf6 Kc7 62. Ke7 Kb7 63. Bf4 Bc2 64. Kxf7 Bxa4 65. g6 Bb3+ 66. Kg7 Bc2 67. gxh7 Bxh7 68. Kxh7 a4 69. Kg7 a3 70. Be5 a2 71. h7 1-0


[Site "https://www.chess.com"]

[Event "Titled Tuesday Blitz March 21 Early 2023"]
[White "Tanmay Jain"]
[Black "victormago"]
[WhiteFideId "45015481"]
[WhiteElo "2032"]
[BlackElo "2259"]
[Result "1-0"]
[Round "06"]
[TimeControl "180+2"]
[Date "2023.03.21"]
[WhiteClock "0:00:30"]
[BlackClock "0:00:02"]

1. e4 c5 2. g3 d6 3. Bg2 Nc6 4. Ne2 g6 5. d4 cxd4 6. Nxd4 Bd7 7. O-O Bg7 8. Be3 Nf6 9. Nc3 O-O 10. h3 Rc8 11. f4 a6 12. Nb3 b5 13. a3 Qc7 14. Qd2 Rfd8 15. Rad1 Be6 16. Qf2 Qb8 17. Nd5 Re8 18. c3 a5 19. Nd4 Nxd4 20. Bxd4 Bxd5 21. exd5 b4 22. axb4 axb4 23. g4 bxc3 24. bxc3 Qb3 25. Bf3 Qc4 26. g5 Nd7 27. Bg4 Bxd4 28. Rxd4 Qc7 29. c4 Rb8 30. h4 Nc5 31. h5 e5 32. dxe6 fxe6 33. hxg6 hxg6 34. Rfd1 Rbd8 35. Kg2 Qc6+ 36. Bf3 Qc7 37. Rh1 Rf8 38. Bg4 Qg7 39. Rhd1 e5 40. Rxd6 Rxd6 41. Rxd6 Rxf4 42. Qxc5 Rxg4+ 43. Kh3 1-0


[Site "https://www.chess.com"]

[Event "Titled Tuesday Blitz March 21 Early 2023"]
[White "Manukian, Artak"]
[Black "Rodriguez Santiago, Jaime"]
[WhiteFideId "13301373"]
[BlackFideId "3100898"]
[WhiteElo "2130"]
[BlackElo "2025"]
[Result "1-0"]
[Round "06"]
[TimeControl "180+2"]
[Date "2023.03.21"]
[WhiteClock "0:00:15"]
[BlackClock "0:00:16"]

1. e4 c6 2. d4 d5 3. e5 Bf5 4. c4 e6 5. Nc3 dxc4 6. Bxc4 Nd7 7. Nf3 Nb6 8. Bb3 Bb4 9. O-O Ne7 10. Nh4 O-O 11. Bg5 Bg6 12. Rc1 Qd7 13. Nxg6 Nxg6 14. a3 Be7 15. Bxe7 Nxe7 16. Ne4 Nf5 17. Qg4 Qxd4 18. Nf6+ Kh8 19. Qg5 Qxe5 20. Ng4 Qb5 21. Bc2 Nh6 22. Qh4 Qxb2 23. Nxh6 gxh6 24. Qxh6 Qg7 25. Qf4 Rg8 26. g3 Nd5 27. Qe4 Rae8 28. Rfe1 f5 29. Qh4 f4 30. Re5 fxg3 31. hxg3 Nf6 32. Kg2 Re7 33. Rh1 Rf8 34. Rg5 Qf7 35. Qd4 e5 36. Rxe5 Rxe5 37. Qxe5 Qd5+ 38. Qxd5 cxd5 39. Re1 Rf7 40. f3 Kg7 41. g4 Rc7 42. Bf5 b6 43. Kg3 Rc3 44. g5 Nh5+ 45. Kg4 Nf6+ 46. gxf6+ Kxf6 47. Re6+ Kf7 48. Rd6 Rxa3 49. Rxd5 Ra4+ 50. f4 a6 51. Bxh7 b5 52. Bc2 Ra2 53. Bb3 Rb2 54. Rxb5+ Ke7 55. Rb7+ Kd6 56. Bd5 Rd2 57. Bf3 a5 58. Ra7 Ra2 59. f5 a4 60. f6 Ra1 61. f7 Rg1+ 62. Kf5 Rg7 63. Kf6 Rxf7+ 64. Kxf7 a3 65. Rxa3 1-0


[Site "https://www.chess.com"]

[Event "Titled Tuesday Blitz March 21 Early 2023"]
[White "Fajdetic, Hrvoje"]
[Black "Baches Garcia, Guillermo"]
[WhiteFideId "14501945"]
[BlackFideId "2209764"]
[WhiteElo "2185"]
[BlackElo "2444"]
[Result "1/2-1/2"]
[Round "06"]
[TimeControl "180+2"]
[Date "2023.03.21"]
[WhiteClock "0:00:39"]
[BlackClock "0:00:40"]

1. f4 d5 2. Nf3 g6 3. e3 Bg7 4. Be2 Nh6 5. d3 O-O 6. c3 c6 7. e4 Qb6 8. e5 Bg4 9. d4 c5 10. Qb3 Qc6 11. Na3 Nf5 12. Nc2 cxd4 13. Ncxd4 Qd7 14. Nxf5 Bxf5 15. O-O Nc6 16. Be3 Rad8 17. Nd4 Be4 18. Bf3 Bxf3 19. Rxf3 e6 20. g4 f6 21. Nxc6 bxc6 22. exf6 Bxf6 23. Raf1 e5 24. f5 Kg7 25. g5 gxf5 26. gxf6+ Rxf6 27. Rg3+ Rg6 1/2-1/2


[Site "https://www.chess.com"]

[Event "Titled Tuesday Blitz March 21 Early 2023"]
[White "Barria Santos, Jose Guilherme"]
[Black "Bilan, Danila"]
[WhiteFideId "1939300"]
[BlackFideId "24161918"]
[WhiteElo "2301"]
[BlackElo "2182"]
[Result "0-1"]
[Round "06"]
[TimeControl "180+2"]
[Date "2023.03.21"]
[WhiteClock "0:00:02"]
[BlackClock "0:00:08"]

1. e4 c6 2. d4 d5 3. f3 dxe4 4. fxe4 e5 5. Nf3 Be6 6. Nc3 Nd7 7. dxe5 Qc7 8. Be3 Nxe5 9. Be2 Nf6 10. O-O Nfg4 11. Bf4 Qb6+ 12. Kh1 Nxf3 13. Bxf3 Nf2+ 14. Rxf2 Qxf2 15. Qc1 Qb6 16. Be3 Qc7 17. Qg1 Bd6 18. g3 O-O 19. Rd1 b6 20. Ne2 Rad8 21. Nf4 Bc8 22. Nd3 Rfe8 23. Bd4 c5 24. Bc3 Bb7 25. Nf2 Be5 26. Bxe5 Qxe5 27. Ng4 Qxe4 28. Bxe4 Bxe4+ 29. Qg2 Rxd1# 0-1


[Site "https://www.chess.com"]

[Event "Titled Tuesday Blitz March 21 Early 2023"]
[White "Thiel, Thomas"]
[Black "Dinu, Dumitru-Daniel"]
[WhiteFideId "4615964"]
[BlackFideId "1208403"]
[WhiteElo "2244"]
[BlackElo "2240"]
[Result "0-1"]
[Round "06"]
[TimeControl "180+2"]
[Date "2023.03.21"]
[WhiteClock "0:00:27"]
[BlackClock "0:00:04"]

1. e4 c5 2. Nc3 Nc6 3. Bb5 Nd4 4. Bc4 a6 5. d3 e6 6. Nge2 b5 7. Bb3 Nxb3 8. axb3 Bb7 9. O-O Nf6 10. f4 d5 11. e5 Nd7 12. d4 cxd4 13. Nxd4 Bc5 14. Be3 O-O 15. Kh1 Rc8 16. Nce2 Bxd4 17. Bxd4 Nc5 18. Bxc5 Rxc5 19. c3 d4 20. Qxd4 Rd5 21. Qg1 Rd2 22. Rfd1 Bxg2+ 23. Kxg2 Rxe2+ 24. Kf3 Rd2 25. Rxd2 Qxd2 26. Qf2 Qd5+ 27. Kg3 Ra8 28. b4 Qd3+ 29. Qf3 Qg6+ 30. Qg4 Qc2 31. Qf3 Ra7 32. Qe3 Rd7 33. Rxa6 Qg6+ 34. Kf2 h5 35. Rd6 Rc7 36. Rd8+ Kh7 37. Qd3 Qxd3 38. Rxd3 Ra7 39. Ke3 Kg6 40. Ke4 Ra2 41. Rd2 Ra1 42. Kd4 Kf5 43. Kc5 Kxf4 44. Kxb5 Kxe5 45. c4 f5 46. c5 Rc1 47. c6 f4 48. Kb6 f3 49. b5 Ke4 50. c7 Ke3 51. Rd6 f2 52. Rxe6+ Kd4 53. Rd6+ Ke5 54. Rd1 Rxd1 55. c8=Q f1=Q 56. Qe8+ Kd4 57. Qd7+ Ke3 58. Qe6+ Kd2 59. Qd5+ Kc1 60. Qc5+ Kb1 0-1


[Site "https://www.chess.com"]

[Event "Titled Tuesday Blitz March 21 Early 2023"]
[White "Clawitter, Craig"]
[Black "Shvedova, Alexandra"]
[WhiteFideId "2023105"]
[BlackFideId "54154782"]
[WhiteElo "2238"]
[BlackElo "2057"]
[Result "0-1"]
[Round "06"]
[TimeControl "180+2"]
[Date "2023.03.21"]
[WhiteClock "0:00:02"]
[BlackClock "0:01:00"]

1. e4 c6 2. d4 d5 3. e5 c5 4. Nf3 cxd4 5. Qxd4 Nc6 6. Bb5 e6 7. c4 Ne7 8. cxd5 Nxd5 9. Nc3 a6 10. Bxc6+ bxc6 11. O-O c5 12. Qc4 Nxc3 13. bxc3 Bb7 14. Qa4+ Qd7 15. Qxd7+ Kxd7 16. Ng5 Ke8 17. Rb1 Bd5 18. Be3 h6 19. Nh3 g5 20. f4 gxf4 21. Nxf4 Bxa2 22. Rb7 Be7 23. Nh5 Rg8 24. Rf2 Bd5 25. Rc7 Kd8 26. Rxe7 Kxe7 27. Bxh6 a5 28. Be3 Rac8 29. Nf6 Rg6 30. Rd2 Ba8 31. Rd7+ Kf8 32. g3 a4 33. Ra7 Bc6 34. Bxc5+ Kg7 0-1


[Site "https://www.chess.com"]

[Event "Titled Tuesday Blitz March 21 Early 2023"]
[White "Blokhin, Sofia"]
[Black "Vivas Zamora, Fabian Ernesto"]
[WhiteFideId "4508190"]
[BlackFideId "3902480"]
[WhiteElo "1994"]
[BlackElo "2262"]
[Result "1/2-1/2"]
[Round "06"]
[TimeControl "180+2"]
[Date "2023.03.21"]
[WhiteClock "0:00:16"]
[BlackClock "0:00:09"]

1. d4 Nf6 2. c4 g6 3. Nc3 d5 4. cxd5 Nxd5 5. e4 Nxc3 6. bxc3 Bg7 7. Be3 c5 8. Rc1 Qa5 9. Qd2 cxd4 10. cxd4 Qxd2+ 11. Kxd2 O-O 12. Nf3 Nc6 13. Bb5 f5 14. exf5 Bxf5 15. Bxc6 bxc6 16. Rxc6 Rab8 17. Rhc1 Rb2+ 18. Ke1 Rxa2 19. Rc7 Bf6 20. Bh6 Rb8 21. Ne5 Bxe5 22. dxe5 Rbb2 23. Be3 Kf7 24. Rxa7 Re2+ 25. Kf1 Bd3 26. Kg1 Rac2 27. Raa1 Be4 28. Rxc2 Rxc2 29. h3 Ke6 30. Ra5 h5 31. Kh2 Rb2 32. Ra4 Bd5 33. Ra7 Rb7 34. Rxb7 Bxb7 35. f4 Kf5 36. Kg3 Bc6 37. Bc5 Be4 38. Bxe7 Bd5 39. Bd6 Be6 40. Bb4 Bd5 41. Bd2 Bc6 42. Kf2 Bd5 43. Ke3 Bxg2 44. h4 Bd5 45. Kd4 Be6 46. Kc5 Ba2 47. Kd6 Be6 48. Be3 Ba2 49. Ke7 Be6 50. Kf8 Ba2 51. Kg7 Be6 52. Kh6 Ba2 53. Bd4 Be6 54. Be3 Bd5 55. Bd2 Be6 56. Be3 1/2-1/2


[Site "https://www.chess.com"]

[Event "Titled Tuesday Blitz March 21 Early 2023"]
[White "Afanasieva, Alexandra"]
[Black "Fabris, Alberto"]
[WhiteFideId "34126926"]
[BlackFideId "801348"]
[WhiteElo "1763"]
[BlackElo "2199"]
[Result "1-0"]
[Round "06"]
[TimeControl "180+2"]
[Date "2023.03.21"]
[WhiteClock "0:00:56"]
[BlackClock "0:00:07"]

1. e4 c5 2. Nf3 d6 3. d4 cxd4 4. Nxd4 Nf6 5. f3 e5 6. Nb3 d5 7. Bg5 d4 8. c3 Nc6 9. Bc4 Be7 10. O-O O-O 11. Qd3 dxc3 12. Qxd8 Rxd8 13. Nxc3 Nd4 14. Rad1 Be6 15. Bxf6 Bxf6 16. Nd5 Bxd5 17. Bxd5 Nxb3 18. Bxb3 Be7 19. Rd5 Rxd5 20. Bxd5 Bc5+ 21. Kh1 Rb8 22. Rc1 Bb6 23. b4 Kf8 24. a4 a5 25. bxa5 Bxa5 26. Rc5 Bd8 27. g3 Ke7 28. Kg2 Kd6 29. Rb5 b6 30. Bb3 Bc7 31. Bxf7 Ra8 32. Bb3 Ra5 33. Rb4 Rc5 34. f4 h6 35. Bd5 Rc3 36. Rb1 Ra3 37. Bb3 Kc5 38. Rc1+ Kd6 39. fxe5+ Kxe5 40. Rxc7 Rxb3 41. Rxg7 Kxe4 42. Rh7 Kf5 43. Rxh6 Kg5 44. Rc6 Kh5 45. a5 bxa5 46. Rc5+ Kg6 47. Rxa5 Rc3 48. Kh3 Rc4 49. g4 Rb4 50. Kh4 Rb6 51. h3 Rc6 52. Ra4 Rb6 53. Ra8 Rc6 54. Rg8+ Kh7 55. Rg5 Kh6 56. Re5 Rb6 57. Re4 Kg6 58. g5 Rc6 59. Kg4 Rc1 60. Re6+ Kf7 61. Ra6 Rh1 62. h4 Rh2 63. Kh5 Rh1 64. Ra7+ Ke6 65. g6 Kf6 66. Rf7+ Ke6 67. Rf2 Rg1 68. Kh6 Rg4 69. h5 Ke7 70. g7 1-0


[Site "https://www.chess.com"]

[Event "Titled Tuesday Blitz March 21 Early 2023"]
[White "Mogirzan, Matei-Valeriu"]
[Black "Ciuffoletti, Paolo"]
[WhiteFideId "1257455"]
[BlackFideId "807630"]
[WhiteElo "1733"]
[BlackElo "2143"]
[Result "0-1"]
[Round "06"]
[TimeControl "180+2"]
[Date "2023.03.21"]
[WhiteClock "0:00:43"]
[BlackClock "0:00:14"]

1. e4 c5 2. Nf3 Nc6 3. Bb5 e6 4. Nc3 Nge7 5. O-O a6 6. Bxc6 Nxc6 7. d4 cxd4 8. Nxd4 Be7 9. Nf5 exf5 10. exf5 O-O 11. Nd5 d6 12. g4 Bf6 13. Be3 b5 14. f4 h6 15. Qf3 Bb7 16. Qg3 Nd4 17. Nc3 Nxc2 18. g5 hxg5 19. fxg5 Be5 20. Qh3 Nxe3 21. Qxe3 g6 22. Rad1 Re8 23. Qf2 Qxg5+ 0-1


[Site "https://www.chess.com"]

[Event "Titled Tuesday Blitz March 21 Early 2023"]
[White "Mrudul Dehankar"]
[Black "Kiseleva, Arina"]
[WhiteFideId "25096990"]
[BlackFideId "4164989"]
[WhiteElo "2139"]
[BlackElo "1756"]
[Result "0-1"]
[Round "06"]
[TimeControl "180+2"]
[Date "2023.03.21"]
[WhiteClock "0:00:02"]
[BlackClock "0:00:04"]

1. e4 c6 2. d4 d5 3. Nd2 dxe4 4. Nxe4 Nf6 5. Nxf6+ exf6 6. c3 Bd6 7. Bd3 Na6 8. Qc2 Nc7 9. Ne2 h5 10. Bd2 Nd5 11. O-O-O Kf8 12. Ng3 h4 13. Nf5 g6 14. Nxd6 Qxd6 15. g3 h3 16. f3 Kg7 17. Rhe1 a5 18. Kb1 b5 19. Re2 Be6 20. Rde1 Nb6 21. Bxg6 Qd5 22. Re5 Qxa2+ 23. Kc1 Qa1+ 24. Qb1 Qxb1+ 25. Bxb1 fxe5 26. Rxe5 Nc4 27. Rg5+ Kf6 28. Bf4 Rhg8 29. Rc5 Ra6 30. b3 Na3 31. Be4 Bd5 32. Kb2 Bxe4 33. fxe4 b4 34. Rf5+ Ke6 35. c4 Rd8 36. d5+ cxd5 37. Bg5 Re8 38. Rf6+ Ke5 39. Rxa6 dxe4 40. Rxa5+ Kd4 41. Bf4 e3 42. Ra6 e2 43. Rd6+ Ke4 44. Bd2 Kf3 45. Be1 Kg2 0-1


[Site "https://www.chess.com"]

[Event "Titled Tuesday Blitz March 21 Early 2023"]
[White "Kornyukov, Alexey"]
[Black "Buscar, Michael"]
[WhiteFideId "4150457"]
[BlackFideId "2603616"]
[WhiteElo "2352"]
[BlackElo "2010"]
[Result "0-1"]
[Round "06"]
[TimeControl "180+2"]
[Date "2023.03.21"]
[WhiteClock "0:01:47"]
[BlackClock "0:02:12"]

1. e4 c6 2. d4 d6 3. c4 e5 4. dxe5 dxe5 5. Qxd8+ Kxd8 6. Nf3 f6 7. Nc3 Be6 8. Be3 Kc7 9. O-O-O Nd7 10. b4 Bxb4 11. Ne2 Bxc4 12. Ng3 Bxa2 13. Nf5 g6 14. Ng3 Ne7 15. Kb2 Be6 16. Bh6 a5 17. Bg7 Rhg8 18. Bxf6 Nxf6 19. Nxe5 0-1


[Site "https://www.chess.com"]

[Event "Titled Tuesday Blitz March 21 Early 2023"]
[White "Manon-og, Ramon Jr."]
[Black "lluiss"]
[WhiteFideId "5200776"]
[WhiteElo "2329"]
[BlackElo "2160"]
[Result "1-0"]
[Round "06"]
[TimeControl "180+2"]
[Date "2023.03.21"]
[WhiteClock "0:01:00"]
[BlackClock "0:00:01"]

1. e4 c5 2. Nf3 d6 3. Bb5+ Nd7 4. a4 Nf6 5. Nc3 g6 6. O-O Bg7 7. d4 cxd4 8. Nxd4 O-O 9. Bg5 h6 10. Bh4 Ne5 11. h3 a6 12. Be2 Nc6 13. Nxc6 bxc6 14. Qd2 Rb8 15. Rab1 Kh7 16. f4 Nd7 17. Bc4 Nb6 18. Bb3 c5 19. Nd5 c4 20. Bxe7 Nxd5 21. Bxd8 Rxd8 22. Qxd5 Be6 23. Qa5 cxb3 24. c3 Bc4 25. Rfd1 Rbc8 26. e5 Bf8 27. Rd4 d5 28. Rd2 Bc5+ 29. Kh2 Rd7 30. Rbd1 Rc6 31. f5 gxf5 32. g4 fxg4 33. hxg4 Rg6 34. Kh3 1-0


[Site "https://www.chess.com"]

[Event "Titled Tuesday Blitz March 21 Early 2023"]
[White "Korpics, Zsolt"]
[Black "Vargas Rodriguez, Wilver"]
[WhiteFideId "705241"]
[BlackFideId "3509672"]
[WhiteElo "2316"]
[BlackElo "2238"]
[Result "1-0"]
[Round "06"]
[TimeControl "180+2"]
[Date "2023.03.21"]
[WhiteClock "0:00:10"]
[BlackClock "0:00:08"]

1. e4 c5 2. Nf3 d6 3. d4 cxd4 4. Nxd4 Nf6 5. Nc3 a6 6. h3 e6 7. g4 Nfd7 8. Bg2 b5 9. O-O Bb7 10. f4 b4 11. Nce2 Nc5 12. Ng3 Be7 13. Nb3 Nbd7 14. Be3 O-O 15. Nd4 Rb8 16. g5 f5 17. exf5 Bxg2 18. Kxg2 exf5 19. Nc6 Qe8 20. Nxb8 Qxb8 21. Qd5+ Kh8 22. Nxf5 Nb6 23. Qf3 Rxf5 24. Qg4 Qc8 25. Rae1 Nd5 26. Bxc5 dxc5 27. Re5 Rxe5 28. Qxc8+ Bf8 29. Qxf8# 1-0


[Site "https://www.chess.com"]

[Event "Titled Tuesday Blitz March 21 Early 2023"]
[White "Botez, Alexandra"]
[Black "Singgih, Diajeng Theresa"]
[WhiteFideId "2603365"]
[BlackFideId "7104391"]
[WhiteElo "2059"]
[BlackElo "1891"]
[Result "1-0"]
[Round "06"]
[TimeControl "180+2"]
[Date "2023.03.21"]
[WhiteClock "0:00:01"]
[BlackClock "0:00:03"]

1. d4 d5 2. c4 e6 3. Nf3 Nf6 4. g3 Be7 5. Bg2 O-O 6. O-O b6 7. Qc2 Bb7 8. Nbd2 Ne4 9. Rd1 Nd7 10. Ne5 Ndf6 11. f3 Nxd2 12. Rxd2 c5 13. cxd5 cxd4 14. dxe6 fxe6 15. e4 Bc5 16. Nd3 Rc8 17. Qd1 Nd7 18. a3 a5 19. Rb1 b5 20. b4 axb4 21. axb4 Bb6 22. Qb3 Qe7 23. f4 Rc3 24. Qd1 Nf6 25. Bb2 Nxe4 26. Re2 Nd6 27. Bxb7 Qd7 28. Bxc3 dxc3+ 29. Kf1 Qxb7 30. Rg2 Rc8 31. Rc1 Ne4 32. Qe2 Nd2+ 33. Ke1 Qd5 34. h3 Nb3 35. Rc2 Nd4 36. Qd1 Nxc2+ 37. Qxc2 Qe4+ 38. Kd1 1-0


[Site "https://www.chess.com"]

[Event "Titled Tuesday Blitz March 21 Early 2023"]
[White "Hercegovac, Neven"]
[Black "Vargas, Mauricio"]
[WhiteFideId "2839135"]
[BlackFideId "4404572"]
[WhiteElo "2075"]
[BlackElo "2025"]
[Result "1-0"]
[Round "06"]
[TimeControl "180+2"]
[Date "2023.03.21"]
[WhiteClock "0:00:42"]
[BlackClock "0:00:02"]

1. d4 Nf6 2. c4 d6 3. Nf3 g6 4. Nc3 Bg7 5. e4 O-O 6. Be2 c6 7. Be3 a6 8. O-O b5 9. h3 b4 10. Nb1 Nxe4 11. Nbd2 d5 12. Nxe4 dxe4 13. Nd2 f5 14. Nb3 Kh8 15. Bf4 Nd7 16. d5 cxd5 17. Qxd5 Rb8 18. Rfd1 Qe8 19. Bxb8 Nxb8 20. Nd4 e6 21. Qd6 Bd7 22. c5 a5 23. Rac1 Nc6 24. Nxc6 Bxc6 25. Bc4 Bxb2 26. Rb1 Bc3 27. Bxe6 Rf6 28. Bd7 Rxd6 29. Bxe8 Rxd1+ 30. Rxd1 Bxe8 31. Rd8 1-0


[Site "https://www.chess.com"]

[Event "Titled Tuesday Blitz March 21 Early 2023"]
[White "Prado, Alexandra"]
[Black "Abrosimov, Vladimir"]
[WhiteFideId "3301346"]
[BlackFideId "4166892"]
[WhiteElo "1759"]
[BlackElo "2336"]
[Result "0-1"]
[Round "06"]
[TimeControl "180+2"]
[Date "2023.03.21"]
[WhiteClock "0:00:05"]
[BlackClock "0:00:52"]

1. e4 c5 2. Nf3 d6 3. c3 Nf6 4. Be2 Bd7 5. d3 e6 6. O-O Be7 7. a4 O-O 8. Na3 a6 9. Nc4 Nc6 10. e5 dxe5 11. Ncxe5 Nxe5 12. Nxe5 Qc7 13. Bf4 Bd6 14. d4 cxd4 15. cxd4 Nd5 16. Bg3 Rac8 17. Bd3 f6 18. Qh5 f5 19. Rac1 Qd8 20. Rxc8 Bxc8 21. Bh4 Nf6 22. Qf3 Qc7 23. Bg5 Bxe5 24. dxe5 Qxe5 25. b3 Bd7 0-1


[Site "https://www.chess.com"]

[Event "Titled Tuesday Blitz March 21 Early 2023"]
[White "Levitan, Caleb Levi"]
[Black "Semenova, Alina"]
[WhiteFideId "14332620"]
[BlackFideId "24113875"]
[WhiteElo "1963"]
[BlackElo "1833"]
[Result "1-0"]
[Round "06"]
[TimeControl "180+2"]
[Date "2023.03.21"]
[WhiteClock "0:00:37"]
[BlackClock "0:00:07"]

1. e4 e5 2. Nf3 Nf6 3. Nxe5 d6 4. Nf3 Nxe4 5. Nc3 Nxc3 6. dxc3 Be6 7. Be3 Nc6 8. Qd2 Be7 9. Bd3 Qd7 10. O-O-O O-O-O 11. Bb5 a6 12. Ba4 Kb8 13. Nd4 Qe8 14. Nxc6+ bxc6 15. c4 Bxc4 16. Qd4 Bb5 17. Qa7+ Kc8 18. Bb3 Bf6 19. a4 Qe5 20. Bd4 Qf4+ 21. Kb1 Be2 22. Bxf6 Qxf6 23. Rd2 Bg4 24. Qxa6+ Kd7 25. a5 Ra8 26. Qc4 Be6 27. Qa4 Bxb3 28. cxb3 Qf5+ 29. Rc2 Rxa5 30. Qxc6+ Ke6 31. Re1+ Kf6 32. Qc3+ Kg6 33. Qg3+ Qg5 34. Rxc7 Rha8 35. Qxg5+ Kxg5 36. Ree7 Ra1+ 37. Kc2 f6 38. Rxg7+ Kf5 39. Rxh7 Rf1 40. f3 Rf2+ 41. Kc3 Rxg2 42. Rh5+ Kg6 43. Rh4 Kf5 44. Rcc4 Re8 45. Rcf4+ Kg5 46. Rfg4+ Rxg4 47. Rxg4+ Kf5 48. Rd4 Re3+ 49. Rd3 Re2 50. h4 Rh2 51. h5 Rxh5 52. Rd5+ Kg6 53. Rxh5 Kxh5 54. Kd4 Kg5 55. b4 Kf4 56. b5 Kxf3 57. b6 Kg2 58. b7 f5 59. b8=Q f4 60. Qxd6 f3 61. Qg6+ Kf2 62. Qf5 Ke2 63. b4 f2 64. b5 f1=Q 65. Qxf1+ Kxf1 66. b6 Kg2 1-0


[Site "https://www.chess.com"]

[Event "Titled Tuesday Blitz March 21 Early 2023"]
[White "ritanovikova"]
[Black "Ruge, Edison"]
[BlackFideId "4401000"]
[WhiteElo "2208"]
[BlackElo "2175"]
[Result "0-1"]
[Round "06"]
[TimeControl "180+2"]
[Date "2023.03.21"]
[WhiteClock "0:01:16"]
[BlackClock "0:01:42"]

1. e4 e5 2. Nf3 Nc6 3. Bc4 Be7 4. d4 d6 5. dxe5 dxe5 6. O-O Qxd1 7. Rxd1 Nf6 8. Nc3 Bg4 9. Be2 Bxf3 10. Bxf3 Nd4 11. Rd2 Nxf3+ 12. gxf3 c6 13. a3 O-O 14. b4 Rfd8 15. Kf1 Nh5 16. Rxd8+ Rxd8 17. Ke2 h6 18. Be3 b6 19. Rd1 Rxd1 20. Nxd1 Kf8 21. c3 Ke8 22. Nb2 Kd7 23. Nd3 Ke6 24. f4 exf4 25. Nxf4+ Nxf4+ 26. Bxf4 Bf6 27. Kd3 Be5 28. Bg3 g5 29. Ke3 Bxc3 30. Bb8 a6 31. Bc7 b5 32. Bb6 Bb2 33. Bc5 Bxa3 34. f4 Bc1+ 0-1


[Site "https://www.chess.com"]

[Event "Titled Tuesday Blitz March 21 Early 2023"]
[White "Larina, Maria"]
[Black "Piesik, Piotr"]
[WhiteFideId "24113182"]
[BlackFideId "1136194"]
[WhiteElo "1848"]
[BlackElo "2311"]
[Result "0-1"]
[Round "06"]
[TimeControl "180+2"]
[Date "2023.03.21"]
[WhiteClock "0:00:04"]
[BlackClock "0:00:43"]

1. e4 g6 2. d4 Bg7 3. Nc3 c6 4. Nf3 d6 5. h3 Nf6 6. Be2 O-O 7. O-O Nbd7 8. a4 e5 9. dxe5 dxe5 10. Bg5 Qc7 11. Bc4 Nc5 12. Qe2 Be6 13. b4 Bxc4 14. Qxc4 Ne6 15. Be3 Rfd8 16. Rfd1 Bf8 17. Ng5 Nxg5 18. Bxg5 Be7 19. b5 Rxd1+ 20. Rxd1 Rd8 21. Rxd8+ Bxd8 22. bxc6 Qxc6 23. Qxc6 bxc6 24. f4 Bb6+ 25. Kf1 Nd7 26. f5 f6 27. Bd2 Ba5 28. Ke2 Nc5 29. Ke3 Kf7 30. Be1 Bxc3 31. Bxc3 Nxa4 32. Bb4 a6 33. g4 Nb6 34. Bc5 Nd7 35. Bd6 gxf5 36. gxf5 Ke8 37. Kd3 Nb6 38. Bc5 Na8 39. Kc4 Kd7 40. Be3 Nc7 41. Bh6 Nb5 42. Bg7 Nd6+ 43. Kc5 Nxe4+ 44. Kb6 Ke7 45. Kxa6 Nd6 46. Bh6 Nxf5 47. Bd2 Kd6 48. Kb6 Kd5 49. c3 Nd6 50. Kc7 f5 51. Kd7 f4 52. c4+ Nxc4 53. Bc3 f3 0-1


[Site "https://www.chess.com"]

[Event "Titled Tuesday Blitz March 21 Early 2023"]
[White "Winkels, Marcel"]
[Black "Blomqvist, Erik"]
[WhiteFideId "1003887"]
[BlackFideId "1709437"]
[WhiteElo "1900"]
[BlackElo "2436"]
[Result "0-1"]
[Round "06"]
[TimeControl "180+2"]
[Date "2023.03.21"]
[WhiteClock "0:00:40"]
[BlackClock "0:01:03"]

1. e4 c5 2. Nf3 e6 3. d4 cxd4 4. Nxd4 Nc6 5. Nc3 Qc7 6. Be3 a6 7. Be2 b5 8. Nxc6 Qxc6 9. Bf3 Bb7 10. O-O Qc7 11. a4 b4 12. Na2 Bd6 13. g3 Nf6 14. Qd3 a5 15. c3 Ba6 16. Qd2 Bxf1 17. Rxf1 O-O 18. e5 Bxe5 19. Bxa8 Rxa8 20. cxb4 Qc4 21. Nc3 axb4 22. Ne2 Rxa4 23. Rc1 Qa6 24. Qc2 h5 25. Qc8+ Qxc8 26. Rxc8+ Kh7 27. Rc2 b3 28. Rd2 d5 29. Nd4 Ne4 30. Rd1 Ra2 31. Nxb3 Rxb2 32. Nd4 Nc3 33. Ra1 Bxd4 34. Bxd4 Ne2+ 0-1


[Site "https://www.chess.com"]